 Dungeon Crawl Stone Soup version 0.27-a0-1219-g958d993ae5 (webtiles) character file.

Game seed: 6494707554863845525

79 soylentgreeen202 the Charlatan (level 3, -1/28 HPs)
             Began as a Demigod Artificer on June 6, 2021.
             Slain by an orc priest
             ... wielding a +0 whip
              (3 damage)
             ... on level 3 of the Dungeon on June 7, 2021.
             The game lasted 00:20:47 (3764 turns).

soylentgreeen202 the Charlatan (Demigod Artificer)  Turns: 3764, Time: 00:20:48

Health: -1/28      AC:  3    Str: 13    XL:     3   Next: 97%
Magic:  5/5        EV: 11    Int: 19    God:
Gold:   131        SH:  0    Dex: 24    Spells: 1/2 levels left

rFire    . . .     SeeInvis .   g - +0 short sword
rCold    . . .     Faith    .   (no shield)
rNeg     . . .     Spirit   .   b - +0 leather armour
rPois    .         Reflect  .   (no helmet)
rElec    .         Harm     .   (no cloak)
rCorr    .         Rampage  .   (no gloves)
Will     .....                  (no boots)
Stlth    ++........             (no amulet)
HPRegen  0.09/turn              m - +6 ring of dexterity
MPRegen  0.09/turn              t - +6 ring of intelligence

@: no status effects
A: high mp 1, forlorn
a: no special abilities


You were on level 3 of the Dungeon.
You visited 1 branch of the dungeon, and saw 4 of its levels.

You collected 131 gold pieces.

Inventory:

Hand Weapons
 a - a +0 club
 g - a +0 short sword (weapon)
 h - a +0 hand axe
 j - a +0 mace
 k - a +0 long sword
 r - a +0 dagger
 s - a +0 dagger
Missiles
 l - 89 stones
Armour
 b - a +0 leather armour (worn)
 i - a +0 ring mail
Jewellery
 m - a +6 ring of dexterity (left hand)
 t - a +6 ring of intelligence (right hand)
Wands
 c - a wand of flame (15) (quivered)
 d - a wand of charming (15)
 q - a wand of acid (14)
Scrolls
 f - a scroll of amnesia {unknown}
 n - a scroll of identify {unknown}
 o - a scroll of teleportation {unknown}
 p - a scroll of acquirement {unknown}
Potions
 u - 2 potions of heal wounds {unknown}
Miscellaneous
 e - a piece from Xom's chessboard (15/15)


   Skills:
 - Level 1.0 Fighting
 + Level 1.1(1.6) Short Blades
 - Level 1.8(2.0) Long Blades
 - Level 2.0 Armour
 - Level 1.0 Dodging
 + Level 1.7 Stealth
 + Level 1.0 Transmutations
 - Level 3.0 Evocations


You had one spell level left.
You knew the following spells:

 Your Spells              Type           Power      Damage    Failure   Level
a - Beastly Appendage     Tmut           8%         N/A       17%         1

Your spell library contained the following spells:

 Spells                   Type           Power      Damage    Failure   Level
 Corona                   Hex            0%         N/A       26%         1
 Wereblood                Tmut           4%         N/A       26%         2
 Ensorcelled Hibernation  Hex/Ice        0%         N/A       36%         2
 Spider Form              Tmut/Pois      0%         N/A       54%         3
 Confusing Touch          Hex            0%         N/A       61%         3
 Dazzling Flash           Conj/Hex       0%         N/A       61%         3
 Tukima's Dance           Hex            0%         N/A       61%         3
 Ice Form                 Ice/Tmut       1%         N/A       91%         4
 Hydra Form               Tmut           2%         N/A       99%         5


Dungeon Overview and Level Annotations

Branches:
Dungeon (4/15)
 Temple: D:4-7

Shops:
D:2 *

Annotations:
D:3 exclusion: adder


Innate Abilities, Weirdness & Mutations

Your attributes grow dramatically as you level up.
You have an increased reservoir of magic. (+10% MP)
You shall have no god before yourself.


Message History

You miscast Beastly Appendage.
You are very lightly contaminated with residual magic.
Nothing appears to happen.
An orc priest comes into view. It is wielding a +0 short sword.
The orc priest shouts!
The orc priest looks satisfied for a moment.
The orc priest mumbles some strange prayers to Beogh against you.
Beogh smites you!
You hear a shout!
There is a stone staircase leading up here.
The orc priest closely misses you.
You climb upwards.
Level annotation: exclusion: adder
There is a stone staircase leading down here.
You hit the orc priest.
The orc priest is heavily wounded.
The orc priest hits you but does no damage.
You hit the orc priest but do no damage.
The orc priest is heavily wounded.
The orc priest hits you with a +0 whip.
Your magical contamination has completely faded away.
You closely miss the orc priest.
The orc priest is heavily wounded.
The orc priest hits you with a +0 whip.
* * * LOW HITPOINT WARNING * * *
You barely miss the orc priest.
The orc priest is heavily wounded.
The orc priest barely misses you.
You hit the orc priest.
The orc priest is severely wounded.
The orc priest hits you with a +0 whip.
* * * LOW HITPOINT WARNING * * *
You hit the orc priest.
The orc priest is severely wounded.
The orc priest hits you with a +0 whip.
* * * LOW HITPOINT WARNING * * *
You hit the orc priest but do no damage.
The orc priest is severely wounded.
The orc priest hits you with a +0 whip.
You die...

...........### .............#
.............# .............##
...#..........## #######
...######......#####.....# ##.##
##...............#
##..#####................#
###...........#.@###.....#######
...####.##.....o.......#.......#
.#......##...##......#.........#
..#..##########..###.###.......#
.....# ##....#...#.......# ....##
#......##.........# ....######
###.#....####......### .........#
#........# #..####....
.....###.###.....######.####.....


You could see an orc priest.

Vanquished Creatures
  A hound (D:4)
  2 worms (D:2)
  A dart slug (D:3)
  7 endoplasms
  A giant cockroach (D:1)
  2 goblins
  5 hobgoblins
  2 jackals (D:4)
  A kobold (D:3)
  3 quokkas
  3 ball pythons
  4 bats
  5 rats
37 creatures vanquished.

Vanquished Creatures (others)
  5 plants (D:2)
5 creatures vanquished.

Grand Total: 42 creatures vanquished

Notes
Turn   | Place    | Note
-------+----------+-------------------------------------------
     0 | D:1      | soylentgreeen202 the Demigod Artificer began the quest for
                  | the Orb.
     0 | D:1      | Reached XP level 1. HP: 15/15 MP: 3/3
   969 | D:2      | Reached skill level 1 in Fighting
  1280 | D:2      | Found Riptebba's Assorted Antiques.
  1297 | D:2      | Reached skill level 1 in Dodging
  1297 | D:2      | Reached skill level 1 in Stealth
  1430 | D:2      | Reached skill level 3 in Evocations
  1446 | D:2      | Reached XP level 2. HP: 23/23 MP: 4/4
  1784 | D:2      | Reached skill level 1 in Long Blades
  2599 | D:3      | short
  2861 | D:3      | Reached XP level 3. HP: 24/28 MP: 5/5
  2931 | D:3      | Learned a level 1 spell: Beastly Appendage
  3426 | D:4      | Upgraded the game from 0.27-a0-1217-g8a41f320e8 to
                  | 0.27-a0-1219-g958d993ae5
  3574 | D:4      | Reached skill level 1 in Short Blades
  3574 | D:4      | Reached skill level 1 in Transmutations
  3764 | D:3      | Slain by an orc priest

Illustrated notes

...# #..####....
######.####.....?.......
#
#.....##...............
#
#.....##...............
#
#.....##...............
#
#.....##...............
#.....##...............
###.....#
#.............#
........# #..>.@......#
.##.....# ######.######
###.....# #.# # #.....#
#.# ####### ##.# # ##..#
##### #..## ....#####
#.## ........# #.#


Turn 2599 on D:3: short

Levels and vault maps discovered:
D:1:      dpeg_arrival_erosion, layout_loops_ring
D:2:      layout_basic, serial_shops, nicolae_shop_overgrown_old_shop,
          shapermc_ecumenical_altar_venn, st_stairs_13, minmay_misc_feat_plants
D:3:      layout_rooms, lemuel_tele_altar, nicolae_ashenzari_skybound
D:4:      layout_cave_pools, amethyst_killhole, st_stairs_6

Skill      XL: |  1  2  3 |
---------------+----------+-----
Fighting       | 1 |  1.0
Armour         | 2 |  2.0
Dodging        | 1 |  1.0
Stealth        | 1 |  1.7
Evocations     | 3 |  3.0
Long Blades    | 1 |  1.8
Short Blades   | 1 |  1.1
Transmutations | 1 |  1.0

Action                   || total
-------------------------++-------
Melee: Club              ||    25
       Long sword        ||    47
       Short sword       ||    52
       Dagger            ||     4
       Kick              ||     4
       Headbutt          ||     2
 Cast: Beastly Appendage ||     1
 Stab: Sleeping          ||     4
Armor: Leather armour    ||    32
Dodge: Dodged            ||    68
       Rpst.: Long sword ||     6

Table legend: (Time is in decaauts)
 A = Elapsed time spent in this place.
 B = Non-inter-level travel time spent in this place.
 C = Inter-level travel time spent in this place.
 D = Time resting spent in this place.
 E = Time spent auto-exploring this place.
 F = Levels seen in this place.
 G = Mean time per level.
                   A        B        C        D        E       F      G
               +--------+--------+--------+--------+--------+-----+--------+
         Total |   3789 |   3524 |    265 |   1230 |   1017 |   4 |  947.2 |
       Dungeon |   3789 |   3524 |    265 |   1230 |   1017 |   4 |  947.2 |
               +--------+--------+--------+--------+--------+-----+--------+

Top non-repeatable levels by time:
     D:2: 1313 daAuts
     D:1: 1128 daAuts
     D:3: 995 daAuts
     D:4: 351 daAuts
